AoeStats
← [GG] Shevchenko 7

Arena

505756026Analyzed
2v2 RM · 23d ago on Sep 10, 2026· 38m 18s· 4 players
Game mode
Random Map
Map size
Medium (4 player)
Population
200
Speed
Normal
Resources
Standard
Victory
Conquest
Starting age
Dark Age
Ending age
Imperial Age
RankedLock teamsTeams togetherTeam positionsShared explorationLock speedFull tech treeHidden civsTurbo modeCheats
Victory
Defeat
🇧🇷 Malians · Brazil
1045
+13
🇧🇷 Portuguese · Brazil
1024
+14
🇧🇷 Gurjaras · Brazil
986
-14
🇧🇷 Tatars · Brazil
975
-13
Casca
11:04 Feudal Age
14:57 Castle Age
16:08 Wheelbarrow
18:39 Double-Bit Axe
19:55 Horse Collar
22:42 Heavy Plow
24:29 Bow Saw
24:45 Hand Cart
24:40 Gold Mining
26:56 Town Watch
30:51 Imperial Age
29:22 Masonry
30:49 Gold Shaft Mining
30:26 Husbandry
30:36 Bloodlines
30:42 Forging
30:38 Scale Barding Armor
32:54 Chemistry
31:33 Elite Shrivamsha Rider
32:52 Iron Casting
jean.andrey
0:28 Loom
11:05 Feudal Age
16:10 Castle Age
15:11 Horse Collar
15:18 Double-Bit Axe
31:24 Fletching
39:10 Imperial Age
37:50 Wheelbarrow
[GG] Shevchenko 7
9:56 Feudal Age
9:16 Loom
14:15 Castle Age
13:44 Double-Bit Axe
25:15 Sanctity
25:51 Fletching
26:27 Bow Saw
28:23 Redemption
31:58 Imperial Age
30:17 Scale Mail Armor
30:35 Forging
30:22 Light Cavalry
31:43 Scale Barding Armor
32:35 Pikeman
35:03 Chemistry
34:26 Padded Archer Armor
35:42 Bloodlines
36:26 Wheelbarrow
37:58 Hand Cart
[GG] Trezeguet
9:53 Feudal Age
11:51 Loom
18:30 Castle Age
16:56 Gold Mining
17:12 Horse Collar
17:38 Double-Bit Axe
18:36 Bloodlines
19:48 Wheelbarrow
22:04 Bow Saw
25:10 Heavy Plow
32:03 Imperial Age
30:35 Scale Barding Armor
30:31 Scale Mail Armor
30:42 Forging
31:36 Hand Cart
31:26 Husbandry
31:00 Light Cavalry
32:04 Ballistics
33:57 Chemistry
32:58 Pikeman
33:39 Squires
35:55 Elite Gbeto
36:51 Chain Mail Armor
37:12 Iron Casting
36:58 Chain Barding Armor
Connection lost

Rejoining the realm…

Still unreachable

The connection could not be restored.

Session expired

The server has moved on; the page needs a fresh start.